 Dungeon Crawl Stone Soup version 0.28.0-53-g5a82cb258f (webtiles) character file.

Game seed: 4228863467876699869

23 Gabide the Skirmisher (level 3, -3/29 HPs)
             Began as a Human Monk on June 1, 2022.
             Slain by an orc
             ... wielding a +0 falchion
              (7 damage)
             ... on level 1 of the Dungeon.
             The game lasted 00:01:31 (1040 turns).

Gabide the Skirmisher (Human Monk)                  Turns: 1040, Time: 00:01:32

Health: -3/29      AC:  2    Str:  8 (11) XL:     3   Next: 10%
Magic:  3/3        EV: 13    Int:  9 (10) God:
Gold:   44         SH:  0    Dex: 16 (17) Spells: 2/2 levels left

rFire   . . .      SeeInvis .   a - +0 spear
rCold   . . .      Faith    .   (no shield)
rNeg    . . .      Spirit   .   b - +0 robe
rPois   .          Reflect  .   (no helmet)
rElec   .          Harm     .   (no cloak)
rCorr   .          Rampage  .   (no gloves)
Will    .....                   (no boots)
Stlth   ++........              (no amulet)
HPRegen 0.09/turn               (no ring)
MPRegen 0.08/turn               (no ring)

@: no status effects
A: no striking features
a: no special abilities


You were on level 1 of the Dungeon.
You visited 1 branch of the dungeon, and saw 2 of its levels.

You collected 44 gold pieces.

Inventory:

Hand Weapons
 a - a +0 spear (weapon)
Armour
 b - a +0 robe (worn)
Scrolls
 c - a scroll of fog {unknown}
 d - a scroll of enchant weapon {unknown}
 e - a scroll of immolation
Potions
 f - a potion of degeneration
 g - a potion of flight {unknown}


   Skills:
 + Level 3.3 Fighting
 + Level 3.3 Polearms
 + Level 3.3 Dodging
 - Level 2.0 Stealth


You had 2 spell levels left.
You didn't know any spells.
Your spell library was empty.

Dungeon Overview and Level Annotations

Branches:
Dungeon (2/15)

Altars:


Message History

The orc priest is heavily wounded.
The orc barely misses you. The orc priest hits you with a +0 club.
You hit the orc priest.
The orc priest is severely wounded.
The orc hits you with a +0 falchion. x2
The orc priest mumbles some strange prayers to Beogh against you.
Pain shoots through your body!
You are too injured to fight recklessly!
You are too injured to fight recklessly!
You are too injured to fight recklessly!
You are too injured to fight recklessly!
You are too injured to fight recklessly!
You are too injured to fight recklessly!
You are too injured to fight recklessly!
You are too injured to fight recklessly!
You are too injured to fight recklessly!
You are too injured to fight recklessly!
You are too injured to fight recklessly!
You are too injured to fight recklessly!
You are too injured to fight recklessly!
You are too injured to fight recklessly!
You are too injured to fight recklessly!
The orc priest looks encouraged for a moment.
There is a stone staircase leading up here.
The orc priest invokes the aid of Beogh against you.
Beogh smites you!
* * * LOW HITPOINT WARNING * * *
You climb upwards.
There is a stone staircase leading down here.
The orc completely misses you.
There is a stone staircase leading down here.
There is a stone staircase leading down here.
There is an open door here.
You are too injured to fight recklessly!
Okay, then.
It was a potion of degeneration.
There was something very wrong with that liquid.
You feel weakened.
You feel dopey.
You feel clumsy. The orc hits you with a +0 falchion!
You die...

###### .....## ######
...#..# #....#
...##'###'##.##########
...#...#...#...o@.....#
...#...#.>.##########.#
...#...#...# ##.#
...#.<.#.>.#### #..#
...#...#...##.######.######
.#.#...#.>.##.#...........#
.###...#...##.#.........#.#
#####+###'##..#.........#.#
#
#...###...#.#....รท....#.#


You could see an orc.

Vanquished Creatures
  A worm (D:1)
  3 ball pythons (D:1)
  2 endoplasms (D:1)
  A giant cockroach (D:1)
  3 goblins (D:1)
  3 bats (D:1)
  4 frilled lizards (D:1)
  4 rats (D:1)
21 creatures vanquished.

Notes
Turn   | Place    | Note
-------+----------+-------------------------------------------
     0 | D:1      | Gabide the Human Monk began the quest for the Orb.
     0 | D:1      | Reached XP level 1. HP: 18/18 MP: 1/1
   121 | D:1      | Reached XP level 2. HP: 24/24 MP: 2/2
   783 | D:1      | Reached XP level 3. HP: 13/29 MP: 3/3
  1040 | D:1      | Slain by an orc

Illustrated notes

Levels and vault maps discovered:
D:1:      minmay_arrival_up_and_down, layout_rooms, minivault_24
D:2:      kb_forest_paths, layout_basic,
          dreamdust_ecumenical_altar_drowned_temple, uniq_crazy_yiuf_cottage

Action                   || total
-------------------------++-------
Melee: Spear             ||    92
  Use: Scroll            ||     1
       Potion            ||     1
 Stab: Sleeping          ||     3
Armor: Robe              ||    11
Dodge: Dodged            ||    40
